Map: Ley Lines

Players

kitune

  • Race: Zerg Zerg
  • Spawn Location: 7:00

frugs - Winner!

  • Race: Terran Terran
  • Spawn Location: 1:00

VOD

Have the link to the VOD?

Description

Time

  • Played on: May 14, 2025, 6:42 p.m.
  • Length: 8:26
Show
View Real Time Build Order
Export as new Build Order

kitune Zerg 

Build Orders: Pool First 

Get SALT Encoding   

  12  0:01  Drone  
  13  0:12  Overlord  
  13  0:21  Drone  
  13  0:25  Overlord  
  14  0:32  Drone  
  15  0:36  Drone  
  16  0:51  Spawning Pool  
  15  1:00  Drone  
  15  1:02  Drone  
  17  1:22  Hatchery  
  17  1:24  Drone  
  17  1:27  Extractor  
  16  1:38  Zergling x4  
  18  1:40  Zergling x2  
  19  1:50  Queen  
  21  2:02  Drone  
  21  2:05  Drone  
  23  2:11  Drone  
  24  2:22  Overlord  
  24  2:31  Metabolic Boost  
  24  2:39  Drone  
  24  2:40  Drone  
  28  2:53  Drone x2  
  28  2:58  Queen  
  30  3:03  Drone  
  33  3:12  Lair  
  31  3:17  Drone x2  
  31  3:18  Drone  
  34  3:27  Drone x3  
  35  3:28  Extractor  
  35  3:32  Overlord  
  35  3:34  Queen  
  38  3:47  Zergling x8  
  42  3:52  Overlord  
  42  3:53  Drone  
  43  4:01  Drone  
  43  4:18  Spire  
  43  4:19  Drone x2  
  43  4:20  Drone  
  45  4:25  Drone  
  45  4:27  Drone x4  
  50  4:38  Zergling x6  
  51  4:52  Zergling x2  
  46  4:53  Zergling x8  
  50  5:02  Zergling x4  
  42  5:15  Queen  
  42  5:21  Drone x4  
  46  5:27  Overlord  
  48  5:32  Mutalisk  
  50  5:42  Mutalisk  
  50  5:43  Mutalisk  
  50  5:49  Drone  
  55  5:57  Mutalisk  
  57  6:05  Mutalisk  
  57  6:06  Baneling Nest  
  50  6:30  Drone  
  50  6:31  Drone x5  
  56  6:34  Extractor  
  56  6:35  Extractor  
  54  6:43  Drone  
  54  6:46  Hatchery  
  54  6:49  Drone  
  54  6:50  Drone x2  
  57  6:58  Evolution Chamber  
  57  7:00  Evolution Chamber  
  55  7:02  Mutalisk, Infestation Pit  
  56  7:09  Zergling x10  
  61  7:17  Zergling x2  
  61  7:18  Zergling x4  
  64  7:28  Baneling  
  64  7:29  Baneling x3  
  64  7:33  Zergling x8  
  68  7:39  Overlord x2  
  68  7:40  Overlord  
  68  7:44  Overlord x3  
  74  8:09  Drone  
  74  8:10  Drone x6  
Show
View Real Time Build Order
Export as new Build Order

frugs Terran - Winner!

Build Orders: 2 Factory, Hellion Opening, Mech 

Get SALT Encoding   

  12  0:00  SCV  
  13  0:15  Supply Depot  
  13  0:17  SCV  
  14  0:29  SCV  
  14  0:32  Refinery  
  15  0:41  Barracks  
  15  0:45  SCV  
  16  0:57  SCV  
  17  1:10  SCV  
  18  1:22  SCV  
  19  1:29  Marine  
  20  1:34  Orbital Command  
  20  1:44  Command Center  
  20  1:54  Ghost Academy  
  20  1:58  Factory  
  20  2:01  Barracks Reactor  
  20  2:04  SCV  
  21  2:12  Supply Depot  
  21  2:18  SCV, Refinery  
  22  2:31  SCV  
  23  2:43  SCV  
  24  2:47  Factory  
  24  2:49  Hellion x2  
  28  2:51  Barracks Tech Lab  
  28  2:58  SCV  
  29  3:01  Orbital Command  
  29  3:10  Hellion  
  29  3:11  Hellion  
  33  3:17  SCV  
  33  3:18  Orbital Command  
  34  3:30  Supply Depot  
  34  3:33  Hellion x2  
  38  3:45  Infernal Pre-Igniter  
  38  3:51  Supply Depot  
  38  3:54  Hellion x3  
  44  3:58  SCV  
  44  4:02  Supply Depot  
  45  4:13  SCV x2  
  45  4:17  Armory  
  47  4:25  SCV  
  48  4:49  SCV  
  48  4:50  SCV  
  48  4:55  Command Center  
  48  4:56  Engineering Bay  
  40  5:11  SCV  
  40  5:13  SCV  
  40  5:20  Factory  
  40  5:21  Factory  
  40  5:22  Missile Turret  
  40  5:23  SCV, Terran Vehicle Weapons Level 1  
  40  5:25  SCV, Missile Turret  
  42  5:30  Missile Turret  
  42  5:35  SCV  
  43  5:37  SCV  
  44  5:43  Hellion x2  
  44  5:44  Hellion  
  44  5:47  SCV  
  44  5:49  SCV  
  52  5:53  Armory  
  52  5:59  SCV  
  52  6:04  Factory Tech Lab  
  53  6:07  Orbital Command  
  53  6:11  Factory Tech Lab, Refinery  
  53  6:13  SCV, Refinery  
  47  6:33  Thor  
  47  6:34  Thor  
  47  6:38  SCV  
  60  6:40  SCV  
  60  6:42  SCV  
  62  6:49  Thor  
  62  6:50  SCV  
  62  6:52  SCV  
  70  6:55  Supply Depot  
  70  6:56  SCV  
  71  7:03  SCV  
  71  7:04  SCV  
  71  7:08  Supply Depot  
  73  7:09  SCV  
  73  7:10  Hellbat  
  76  7:19  SCV  
  76  7:20  SCV  
  78  7:31  Thor  
  78  7:34  Siege Tank  
  78  7:36  Hellion x3  
  93  7:37  Orbital Command  
  93  7:49  Supply Depot x2  
  93  7:52  Supply Depot  
  93  7:57  Hellion x2  
  93  7:58  SCV x2  
  99  8:02  Hellion  
  101  8:05  Missile Turret  
  101  8:06  Missile Turret  
Tags
 
Add a new tag
Caveats
  • Supply blocks, unpowered buildings, or Contaminate may cause inaccurate times.
  • Supply counts are checked every 10 seconds.